AoeStats
← Tunga

Arabia

507573388Analyzed
1v1 RM · 14d ago on Sep 18, 2026· 45m 2s· 2 players
Game mode
Random Map
Map size
Tiny (2 player)
Population
200
Speed
Normal
Resources
Standard
Victory
Conquest
Starting age
Dark Age
Ending age
Imperial Age
RankedLock teamsTeams togetherTeam positionsShared explorationLock speedFull tech treeHidden civsTurbo modeCheats
Victory
Defeat
🇺🇸 Byzantines · United States
743
+14
🇹🇷 Mongols · Türkiye
709
-14
Tunga
12:39 Feudal Age
10:55 Loom
14:39 Wheelbarrow
14:21 Double-Bit Axe
15:19 Man-at-Arms
19:32 Padded Archer Armor
21:40 Fletching
25:39 Castle Age
26:45 Hand Cart
26:00 Pikeman
26:41 Squires
29:06 Bodkin Arrow
30:30 Bow Saw
30:16 Gold Mining
31:42 Ballistics
35:30 Nomads
41:35 Imperial Age
38:51 Town Watch
42:39 Heavy Cavalry Archer
43:44 Parthian Tactics
Taytay1
8:02 Loom
10:09 Feudal Age
10:18 Man-at-Arms
11:01 Horse Collar
11:46 Arson
19:25 Double-Bit Axe
22:04 Castle Age
24:55 Scale Barding Armor
25:54 Wheelbarrow
26:21 Forging
27:01 Stone Mining
27:02 Gold Mining
27:27 Scale Mail Armor
29:14 Gold Shaft Mining
29:14 Stone Shaft Mining
33:13 Elite Skirmisher
37:17 Imperial Age
36:45 Hand Cart
36:26 Fletching
36:36 Padded Archer Armor
37:12 Iron Casting
38:05 Bow Saw
37:55 Cavalier
39:17 Paladin
39:21 Light Cavalry
Connection lost

Rejoining the realm…

Still unreachable

The connection could not be restored.

Session expired

The server has moved on; the page needs a fresh start.